 Dungeon Crawl Stone Soup version 0.23-a0-189-gc87c613 (webtiles) character file.

17768 Felrender the Carver (level 12, 0/104 HPs)
             Began as a Minotaur Fighter on Sept 23, 2018.
             Was an Initiate of Gozag.
             Killed from afar by an electric eel (2 damage)
             ... with a bolt of electricity
             ... on level 12 of the Dungeon.
             The game lasted 00:27:53 (12100 turns).

Felrender the Carver (Minotaur Fighter)            Turns: 12100, Time: 00:27:54

Health: 0/104      AC: 19    Str: 25    XL:     12   Next: 21%
Magic:  11/11      EV:  9    Int:  7    God:    Gozag
Gold:   1382       SH: 18    Dex: 11    Spells: 11/11 levels left

rFire    . . .     SeeInvis .   a - +5 long sword (flame)
rCold    . . .     Gourm    .   c - +5 shield
rNeg     . . .     Faith    .   y - +1 plate armour
rPois    .         Spirit   .   H - +1 hat
rElec    .         Reflect  .   o - +2 cloak
rCorr    .         Harm     .   (no gloves)
MR       .....                  (no boots)
Stlth    ..........             (no amulet)
HPRegen  0.27/turn              g - +2 ring of intelligence
MPRegen  0.12/turn              (no ring)

@: gold aura
A: retaliatory headbutt, horns 2
a: Potion Petition, Call Merchant, Bribe Branch, Renounce Religion


You were on level 12 of the Dungeon.
You worshipped Gozag.
Gozag was most pleased with you.
You were not hungry.

You visited 1 branch of the dungeon, and saw 12 of its levels.

You collected 2375 gold pieces.
You spent 828 gold pieces at shops.
You paid 165 gold pieces to Gozag.

Inventory:

Hand Weapons
 a - a +5 long sword of flaming (weapon)
 h - a +0 spear of pain
 x - a +6 broad axe
Missiles
 L - 5 silver tomahawks (quivered)
Armour
 c - a +5 shield (worn)
 o - a +2 cloak (worn)
 r - a scarf of spirit shield
 v - the +0 buckler of Ziulopt {rElec Str+3 Dex-2}
   (You bought it in a shop on level 7 of the Dungeon)

   It affects your strength (+3).
   It affects your dexterity (-2).
   It insulates you from electricity.
 y - a +1 plate armour (worn)
 F - the +3 ring mail of Hetro {rN+ Str+3 Dex+2}
   (You found it on level 8 of the Dungeon)

   It affects your strength (+3).
   It affects your dexterity (+2).
   It protects you from negative energy.
 H - a +1 hat (worn)
Jewellery
 g - a +2 ring of intelligence (left hand)
 G - a cursed ring of flight
 K - an uncursed ring of magical power {unknown}
Wands
 b - a wand of polymorph (12)
 w - a wand of acid (12)
 E - a wand of random effects (28)
 I - a wand of flame (15)
Scrolls
 j - a scroll of fog
 l - 7 scrolls of remove curse
 m - 3 scrolls of magic mapping
 n - 11 scrolls of teleportation
 p - 3 scrolls of amnesia
 z - 3 scrolls of blinking
 B - a scroll of fear
 N - a scroll of enchant weapon
Potions
 d - 5 potions of might
 e - 2 potions of berserk rage {unknown}
 i - 5 potions of heal wounds {unknown}
 k - a potion of resistance {unknown}
 q - a potion of magic {unknown}
 s - 3 potions of ambrosia
 t - 2 potions of brilliance {unknown}
 u - 2 potions of mutation {unknown}
 A - a potion of lignification {unknown}
 C - 2 potions of invisibility {unknown}
 D - a potion of cancellation {unknown}
 J - a potion of agility {unknown}
 M - a potion of flight {unknown}
Comestibles
 f - 33 rations


   Skills:
 + Level 9.0 Fighting
 + Level 13.2 Long Blades
 * Level 8.2(8.3) Axes
 + Level 1.3(5.3) Polearms
 + Level 9.9 Armour
 + Level 4.6 Dodging
 + Level 2.2 Stealth
 + Level 12.4 Shields


You had 11 spell levels left.
You didn't know any spells.
Your spell library contained the following spells:

 Spells                   Type           Power        Failure   Level  Hunger
 Corona                   Hex            #......      100%        1    ##.....
 Freeze                   Ice            #...         100%        1    ##.....
 Infusion                 Chrm           #...         100%        1    ##.....
 Blink                    Tloc           N/A          100%        2    ###....
 Ensorcelled Hibernation  Hex/Ice        #.....       100%        2    ###....
 Shroud of Golubria       Chrm/Tloc      #.........   100%        2    ###....
 Song of Slaying          Chrm           #.......     100%        2    ###....
 Sublimation of Blood     Necr           #.........   100%        2    ###....
 Throw Frost              Conj/Ice       #.....       100%        2    ###....
 Confuse                  Hex            #.......     100%        3    ####...
 Dazzling Spray           Conj/Hex       #.....       100%        3    ####...
 Gell's Gravitas          Tloc           #.........   100%        3    ####...
 Ignite Poison            Fire/Tmut/Pois #.......     100%        3    ####...
 Lesser Beckoning         Tloc           #.........   100%        3    ####...
 Ozocubu's Armour         Chrm/Ice       #.......     100%        3    ####...
 Regeneration             Chrm/Necr      #.........   100%        3    ####...
 Spectral Weapon          Hex/Chrm       #.......     100%        3    ####...
 Teleport Other           Tloc           #.......     100%        3    ####...
 Tukima's Dance           Hex            #.......     100%        3    ####...
 Passage of Golubria      Tloc           N/A          100%        4    #####..
 Petrify                  Tmut/Erth      #.......     100%        4    #####..
 Summon Ice Beast         Ice/Summ       #.......     100%        4    #####..
 Throw Icicle             Conj/Ice       #.......     100%        4    #####..
 Alistair's Intoxication  Tmut/Pois      #.......     100%        5    ######.
 Irradiate                Conj/Tmut      #.........   100%        5    ######.


Dungeon Overview and Level Annotations

Branches:
Dungeon (12/15)            Temple (0/1) D:6            Lair (0/6) D:11
    Orc (0/2) D:9

Altars:
Ashenzari
Cheibriados
Dithmenos
Elyvilon
Gozag
Hepliaklqana
Okawaru
Sif Muna
Trog
Uskayaw
Vehumet
Wu Jian
Yredelemnul
The Shining One

Shops:
D:7 [   D:8 %


Innate Abilities, Weirdness & Mutations

You reflexively headbutt those who attack you in melee.
You have a pair of horns on your head.


Message History

The electric eel is almost dead.
The electric eel shoots out a bolt of lightning at you!
The bolt of electricity hits you!
You closely miss the electric eel. You headbutt the electric eel.
You kill the electric eel!
You hear a splash.
Okay, then.
You miss the electric eel. You closely miss the electric eel.
Your headbutt misses the electric eel. You miss the electric eel.
The electric eel shoots out a bolt of lightning at you!
The bolt of electricity hits you!
* * * LOW HITPOINT WARNING * * *
Your plate armour prevents you from hitting the electric eel.
You headbutt the electric eel.
The electric eel is lightly wounded.
The electric eel shoots out a bolt of lightning at you!
The bolt of electricity hits you!
You die...
Your body crumbles into a pile of gold.

# #..#............... #
#..#...............# #
#.)#########........
#####........)..........
...........).....≈≈.≈...
.................P≈≈≈≈≈.
.................≈≈P≈≈≈P
...######........PP≈≈≈≈≈
.[.# #.......@PP≈≈≈P≈
...# #........;≈≈≈≈≈≈
...# #.......♣≈P≈≈≈≈≈
...# #######.♣≈≈≈≈≈≈≈
...# #.♣≈P≈≈≈≈≈ ####
#.♣♣≈≈≈≈≈≈ ##♣ P≈≈≈≈≈
♣♣≈≈≈≈


You could see an electric eel.

Vanquished Creatures
  2 hydras
  Harold (D:11)
  3 two-headed ogres
  Urug (D:10)
  2 unseen horrors
  2 trolls
  6 slime creatures
  Prince Ribbit (D:7)
  3 hippogriffs
  A shadow (D:11)
  6 yaks (D:11)
  Sigmund (D:2)
  A human (D:7)
  2 wyverns
  4 hogs (D:7)
  Grum (D:8)
  2 steam dragons
  A hungry ghost (D:10)
  3 wargs (D:11)
  2 water moccasins
  A swamp drake (D:9)
  A black bear (D:11)
  A hornet zombie (D:10)
  2 sky beasts
  9 orc warriors
  7 ogres
  A phantom (D:4)
  A necrophage (D:10)
  A centaur (D:9)
  A crocodile (D:10)
  4 wolves (D:8)
  Blork the orc (D:5)
  2 scorpions
  15 killer bees
  6 wights
  3 howler monkeys
  2 electric eels (D:12)
  7 crimson imps
  A quasit (D:10)
  A centaur zombie (D:6)
  A jelly (D:6)
  A bullfrog zombie (D:6)
  11 hounds
  4 centaur skeletons
  17 orc priests
  12 orc wizards
  A bullfrog skeleton (D:8)
  5 iguanas
  8 worker ants
  A killer bee zombie (D:8)
  3 hound zombies
  3 hound skeletons
  A howler monkey zombie (D:10)
  4 gnolls (D:2)
  A howler monkey skeleton (D:4)
  15 adders
  5 shadow imps
  An adder skeleton (D:8)
  An adder zombie (D:10)
  5 worms
  2 dart slugs
  3 leopard geckos
  38 orcs
  A ball python (D:4)
  4 giant cockroaches
  8 goblins
  5 hobgoblins
  12 jackals
  5 quokkas
  10 bats
  4 frilled lizards
  4 kobolds
  20 rats
328 creatures vanquished.

Vanquished Creatures (others)
  Erica (D:10)
1 creature vanquished.

Grand Total: 329 creatures vanquished

Notes
Turn   | Place    | Note
-------+----------+-------------------------------------------
     0 | D:1      | Felrender the Minotaur Fighter began the quest for the Orb.
     0 | D:1      | Reached XP level 1. HP: 19/19 MP: 0/0
    48 | D:1      | Reached XP level 2. HP: 20/27 MP: 1/1
   662 | D:1      | Reached XP level 3. HP: 33/33 MP: 2/2
  1383 | D:2      | Reached XP level 4. HP: 40/40 MP: 3/3
  1549 | D:2      | Reached skill level 3 in Long Blades
  1779 | D:2      | Noticed Sigmund
  1789 | D:2      | Killed Sigmund
  1789 | D:2      | Reached skill level 5 in Armour
  1789 | D:2      | Reached skill level 1 in Dodging
  1789 | D:2      | Reached XP level 5. HP: 31/47 MP: 4/4
  1900 | D:2      | Reached skill level 1 in Polearms
  1904 | D:2      | Reached skill level 4 in Long Blades
  1918 | D:2      | Reached XP level 6. HP: 49/53 MP: 5/5
  2457 | D:3      | Reached skill level 5 in Shields
  2476 | D:3      | Found a hazy altar of Hepliaklqana.
  2729 | D:3      | Found a snail-covered altar of Cheibriados.
  2823 | D:3      | Found a hide-covered altar of Uskayaw.
  3148 | D:4      | Found a deep blue altar of Sif Muna.
  3173 | D:4      | Reached skill level 5 in Long Blades
  3193 | D:4      | Reached XP level 7. HP: 60/60 MP: 6/6
  3352 | D:4      | Reached skill level 5 in Fighting
  3407 | D:4      | Found a shadowy altar of Dithmenos.
  3495 | D:4      | Reached skill level 6 in Long Blades
  3509 | D:4      | Found a white marble altar of Elyvilon.
  3522 | D:4      | Reached skill level 1 in Stealth
  3890 | D:5      | Entered Level 5 of the Dungeon
  4223 | D:5      | Noticed Blork the orc
  4234 | D:5      | Killed Blork the orc
  4234 | D:5      | Reached skill level 7 in Long Blades
  4370 | D:5      | Reached XP level 8. HP: 68/68 MP: 7/7
  4634 | D:6      | Reached skill level 8 in Long Blades
  4719 | D:6      | Found an opulent altar of Gozag.
  4826 | D:6      | Became a worshipper of Gozag Ym Sagoz the Greedy
  5018 | D:6      | Found a staircase to the Ecumenical Temple.
  5163 | D:7      | Noticed a hippogriff
  5169 | D:7      | Killed a hippogriff
  5207 | D:7      | Found Opsuo's Antique Armour Shoppe.
  5212 | D:7      | Bought a distressingly furry buckler for 228 gold pieces
  5284 | D:7      | Found a bloodstained altar of Trog.
  5284 | D:7      | Noticed a six-headed hydra
  5284 | D:7      | Noticed a gargoyle
  5287 | D:7      | Noticed a hippogriff
  5289 | D:7      | Found a transporter.
  5293 | D:7      | Noticed a slime creature
  5303 | D:7      | Found a transporter.
  5388 | D:7      | Noticed Prince Ribbit
  5406 | D:7      | Reached skill level 9 in Long Blades
  5423 | D:7      | Reached XP level 9. HP: 48/75 MP: 8/8
  5641 | D:7      | Killed Prince Ribbit
  6239 | D:8      | Noticed Grum
  6264 | D:8      | Killed Grum
  6264 | D:8      | Reached skill level 10 in Long Blades
  6323 | D:8      | Found Urries's Food Shoppe.
  6337 | D:8      | Bought a ration for 50 gold pieces
  6337 | D:8      | Bought a ration for 50 gold pieces
  6337 | D:8      | Bought a ration for 50 gold pieces
  6337 | D:8      | Bought a ration for 50 gold pieces
  6337 | D:8      | Bought a ration for 50 gold pieces
  6337 | D:8      | Bought a ration for 50 gold pieces
  6337 | D:8      | Bought a ration for 50 gold pieces
  6337 | D:8      | Bought a ration for 50 gold pieces
  6341 | D:8      | Found an iron altar of Okawaru.
  6561 | D:8      | Got a scorched ring mail
  6562 | D:8      | Identified the cursed +0 buckler of Ziulopt {rElec Str+3
                  | Dex-2} (You bought it in a shop on level 7 of the Dungeon)
  6563 | D:8      | Identified the +3 ring mail of Hetro {rN+ Str+3 Dex+2} (You
                  | found it on level 8 of the Dungeon)
  6888 | D:8      | Found an ornate altar of the Wu Jian Council.
  6988 | D:8      | Noticed a two-headed ogre
  6997 | D:8      | Killed a two-headed ogre
  6997 | D:8      | Reached skill level 10 in Shields
  6997 | D:8      | Reached XP level 10. HP: 75/84 MP: 9/9
  7164 | D:8      | Bought a ration for 50 gold pieces
  7164 | D:8      | Bought a ration for 50 gold pieces
  7164 | D:8      | Bought a ration for 50 gold pieces
  7164 | D:8      | Bought a ration for 50 gold pieces
  7192 | D:9      | Found a radiant altar of Vehumet.
  7229 | D:9      | Reached skill level 11 in Long Blades
  7290 | D:9      | HP: 3/86 [orc warrior/battleaxe (12)]
  7670 | D:9      | Found a glowing golden altar of the Shining One.
  7676 | D:9      | Found a basalt altar of Yredelemnul.
  7682 | D:9      | Found a shattered altar of Ashenzari.
  8377 | D:9      | Found a staircase to the Orcish Mines.
  8590 | D:10     | Entered Level 10 of the Dungeon
  8620 | D:10     | Noticed a four-headed hydra
  8628 | D:10     | Killed a one-headed hydra
  8628 | D:10     | Reached skill level 12 in Long Blades
  8881 | D:10     | Noticed Erica
  8883 | D:10     | Noticed Urug
  8894 | D:10     | Killed Erica
  8910 | D:10     | Killed Urug
  8910 | D:10     | Reached XP level 11. HP: 23/94 MP: 10/10
  9277 | D:10     | Killed an unseen horror
  9277 | D:10     | Reached skill level 1 in Axes
  9516 | D:10     | Noticed a two-headed ogre
  9521 | D:10     | Noticed a two-headed ogre
  9525 | D:10     | Killed a two-headed ogre
  9532 | D:10     | Killed a two-headed ogre
 10183 | D:10     | Reached skill level 5 in Axes
 11144 | D:11     | Found a staircase to the Lair.
 11294 | D:11     | Noticed a five-headed hydra
 11304 | D:11     | Killed a one-headed hydra
 11634 | D:11     | Noticed Harold
 11657 | D:11     | Killed Harold
 11657 | D:11     | Reached XP level 12. HP: 87/103 MP: 11/11
 11744 | D:12     | Reached skill level 13 in Long Blades
 12099 | D:12     | HP: 2/104 [electric eel/bolt of electricity (12)]
 12100 | D:12     | Killed from afar by an electric eel

Vault maps used:
D:1:      erik_arrival_orb_chamber, minmay_split_cup_small
D:2:      first_ration, uniq_sigmund
D:3:      old_standard_altar, old_standard_altar, cheibriados_altar_1
D:4:      kennysheep_mini_moat, kennysheep_mini, elyvilon_altar_5
D:5:      dk_vineyard_3, uniq_blork_the_orc
D:6:      minmay_temple_entry_butterflies,
          nicolae_gozag_cash_rules_everything_around_me
D:7:      gammafunk_temple_overflow_arena, serial_shops, shop, grunt_livestock,
          uniq_prince_ribbit1
D:8:      kennysheep_little_box, serial_shops, shop, okawaru_trees_1, uniq_grum
D:9:      vehumet_altar_wand_db, minitemple, erik_orc_1
D:10:     hangedman_corner_corridor, uniq_urug, uniq_erica
D:11:     erik_lair_orcish_takeover, uniq_harold
D:12:     serial_bayou, serial_bayou_shore_b, serial_bayou_shore_b,
          serial_bayou_shore_b, serial_bayou_shore_a, kennysheep_boxes,
          uniq_nessos

Skill      XL: |  1  2  3  4  5  6  7  8  9 10 11 12 |
---------------+-------------------------------------+-----
Fighting       | 4 5 6 7 8 9 |  9.0
Shields        | 4 5 6 8 10 12 | 12.4
Armour         | 4 5 6 8 9 |  9.9
Long Blades    | 3 4 5 7 9 10 12 13 | 13.2
Dodging        | 1 2 3 4 |  4.6
Polearms       | 1 |  1.3
Stealth        | 1 2 |  2.2
Axes           | 7 8 |  8.2

Action                   |  1- 3 |  4- 6 |  7- 9 | 10-12 || total
-------------------------+-------+-------+-------+-------++-------
Melee: Long sword        |    55 |   178 |   328 |   320 ||   881
       Headbutt          |    12 |    19 |    58 |   120 ||   209
       Spear             |    36 |       |       |       ||    36
       Broad axe         |       |       |       |   156 ||   156
  Use: Scroll            |     2 |    12 |    16 |     4 ||    34
       Potion            |       |       |     3 |     6 ||     9
 Stab: Distracted        |       |       |     1 |     2 ||     3
  Eat: Chunk             |     1 |     6 |       |       ||     7
       Ration            |       |     1 |     3 |     6 ||    10
Armor: Scale mail        |    35 |    47 |    54 |       ||   136
       Plate armour      |       |       |    60 |    74 ||   134
       Ring mail         |       |       |     4 |    75 ||    79
Dodge: Dodged            |    39 |    42 |    52 |   143 ||   276
Block: Shield            |    44 |   112 |   254 |   311 ||   721
       Buckler           |       |       |     2 |    33 ||    35
       Rpst.: Long sword |     6 |    10 |    19 |    25 ||    60

Table legend:
 A = Non-vault XP
 B = Vault XP
 C = Vault XP percentage of total XP
 D = Non-vault monster count
 E = Vault monster count
 F = Vault count percentage of total count
                 A         B        C        D         E       F
            +---------+---------+-------+---------+---------+-------
      Total |   18596 |    6788 |  26.7 |     264 |      65 |  19.8
            +---------+---------+-------+---------+---------+-------
        D:1 |      25 |      18 |  41.9 |      13 |      15 |  53.6
        D:2 |     174 |     208 |  54.5 |      35 |       1 |   2.8
        D:3 |     173 |       0 |   0.0 |      32 |       0 |   0.0
        D:4 |     675 |       0 |   0.0 |      21 |       0 |   0.0
        D:5 |     234 |      90 |  27.8 |       5 |       1 |  16.7
        D:6 |     591 |       0 |   0.0 |      15 |       0 |   0.0
        D:7 |     730 |    1228 |  62.7 |      10 |       6 |  37.5
        D:8 |    1500 |     645 |  30.1 |      18 |       5 |  21.7
        D:9 |    1859 |     604 |  24.5 |      24 |      18 |  42.9
       D:10 |    4359 |    2311 |  34.6 |      26 |       8 |  23.5
       D:11 |    5445 |    1684 |  23.6 |      45 |      11 |  19.6
       D:12 |    2831 |       0 |   0.0 |      20 |       0 |   0.0
            +---------+---------+-------+---------+---------+-------
